TOP OF THE 1ST |
St. Louis Browns batting - Pitching for Greenville 84s : RHP Tomás González
|
Pitching: RHP Tomás González
|
|
Batting: SHB Ryobe Yamamoto
|
0-0: Ball 1-0: Ground out 5-3 (Groundball, 56)
|
Batting: LHB Robin Hill
|
0-0: Ball 1-0: Swinging Strike 1-1: Ball 2-1: Called Strike 2-2: Ball 3-2: Strikes out swinging
|
Batting: LHB Mike Hill
|
0-0: Called Strike 0-1: Ball 1-1: TRIPLE (Flyball, 89XD)
|
Batting: RHB António Venecia
|
0-0: Ball 1-0: Fly out, F8 (Flyball, 8RD)
|
Top of the 1st over - 0 run(s), 1 hit(s), 0 error(s), 1 left on base; St. Louis 0 - Greenville 0 |
BOTTOM OF THE 1ST |
Greenville 84s batting - Pitching for St. Louis Browns : LHP Luis Noriega
|
Pitching: LHP Luis Noriega
|
|
Batting: RHB Carlos Torres
|
0-0: Ball 1-0: Ball 2-0: Fly out, F5 (Popup, 5D)
|
Batting: LHB Chris Moore
|
0-0: Ball 1-0: Ball 2-0: Ball 3-0: Base on Balls
|
Batting: LHB Brock Larsen
|
0-0: Ball 1-0: Swinging Strike 1-1: Foul Ball, location: 2F 1-2: Strikes out swinging
|
Batting: LHB Jimmy Vickers
|
0-0: Swinging Strike 0-1: Swinging Strike 0-2: Foul Ball, location: 2F 0-2: Ball 1-2: Ball 2-2: Strikes out looking
|
Bottom of the 1st over - 0 run(s), 0 hit(s), 0 error(s), 1 left on base; St. Louis 0 - Greenville 0 |
TOP OF THE 2ND |
St. Louis Browns batting - Pitching for Greenville 84s : RHP Tomás González
|
Batting: RHB Anthony Rucker
|
0-0: Called Strike 0-1: Ball 1-1: Ball 2-1: Fly out, F6 (Popup, 6MS)
|
Batting: LHB Stan Hickman
|
0-0: Ball 1-0: Ball 2-0: Ball 3-0: Called Strike 3-1: Base on Balls
|
Batting: RHB José Flores
|
0-0: Ball 1-0: SINGLE (Groundball, 4MD) Stan Hickman to second
|
Batting: RHB Domingo Romero
|
0-0: Ball 1-0: Foul Ball, location: 2F 1-1: Fly out, F9 (Flyball, 9LS)
|
Batting: LHB Joe Sanders
|
0-0: Ball 1-0: Swinging Strike 1-1: Ball 2-1: Foul Ball, location: 2F 2-2: SINGLE (Groundball, 34D) Stan Hickman to third José Flores to second Runner from 3rd tries for Home, SAFE, no throw
|
Batting: SHB Ryobe Yamamoto
|
0-0: Foul Ball, location: 2F 0-1: Fielders Choice at 2nd, 4-6 (Groundball, 4)
|
Top of the 2nd over - 1 run(s), 2 hit(s), 0 error(s), 1 left on base; St. Louis 1 - Greenville 0 |
BOTTOM OF THE 2ND |
Greenville 84s batting - Pitching for St. Louis Browns : LHP Luis Noriega
|
Batting: LHB José Costa
|
0-0: Ball 1-0: Called Strike 1-1: Called Strike 1-2: Strikes out swinging
|
Batting: RHB Vic Langlois
|
0-0: Ball 1-0: Called Strike 1-1: Foul Ball, location: 2F 1-2: Foul Ball, location: 2F 1-2: Ball 2-2: Strikes out swinging
|
Batting: SHB Gilberto Guzmán
|
0-0: Bunted foul 0-1: Ball 1-1: DOUBLE (Flyball, 89M)
|
Batting: LHB Robert Moore
|
0-0: Called Strike 0-1: Foul Ball, location: 2F 0-2: Strikes out swinging
|
Bottom of the 2nd over - 0 run(s), 1 hit(s), 0 error(s), 1 left on base; St. Louis 1 - Greenville 0 |
TOP OF THE 3RD |
St. Louis Browns batting - Pitching for Greenville 84s : RHP Tomás González
|
Batting: LHB Robin Hill
|
0-0: SINGLE (Line Drive, 7S)
|
Batting: LHB Mike Hill
|
0-0: Ball Robin Hill is caught stealing 2nd base 1-0: Ground out U3 (Groundball, 3S)
|
Batting: RHB António Venecia
|
0-0: Called Strike 0-1: Ball 1-1: Foul Ball, location: 2F 1-2: Strikes out looking
|
Top of the 3rd over - 0 run(s), 1 hit(s), 0 error(s), 0 left on base; St. Louis 1 - Greenville 0 |
BOTTOM OF THE 3RD |
Greenville 84s batting - Pitching for St. Louis Browns : LHP Luis Noriega
|
Batting: LHB Mario Cornelo
|
0-0: Ground out U3 (Groundball, 3L)
|
Batting: RHB Carlos Torres
|
0-0: Swinging Strike 0-1: Foul Ball, location: 2F 0-2: Ball 1-2: Ball 2-2: Fly out, F2 (Popup, 34S)
|
Batting: LHB Chris Moore
|
0-0: Ball 1-0: Foul Ball, location: 2F 1-1: Ball 2-1: Called Strike 2-2: Ball 3-2: Base on Balls
|
Batting: LHB Brock Larsen
|
0-0: Called Strike 0-1: Called Strike 0-2: Ball 1-2: Strikes out looking
|
Bottom of the 3rd over - 0 run(s), 0 hit(s), 0 error(s), 1 left on base; St. Louis 1 - Greenville 0 |
TOP OF THE 4TH |
St. Louis Browns batting - Pitching for Greenville 84s : RHP Tomás González
|
Batting: RHB Anthony Rucker
|
0-0: SINGLE (Line Drive, 8LS)
|
Batting: LHB Stan Hickman
|
0-0: Ball 1-0: Called Strike 1-1: Ball 2-1: Foul Ball, location: 2F 2-2: Strikes out swinging
|
Batting: RHB José Flores
|
0-0: Ball 1-0: Ball 2-0: Called Strike 2-1: Grounds into double play, 5-4-3 (Groundball, 56)
|
Top of the 4th over - 0 run(s), 1 hit(s), 0 error(s), 0 left on base; St. Louis 1 - Greenville 0 |
BOTTOM OF THE 4TH |
Greenville 84s batting - Pitching for St. Louis Browns : LHP Luis Noriega
|
Batting: LHB Jimmy Vickers
|
0-0: Fly out, F8 (Flyball, 78M)
|
Batting: LHB José Costa
|
0-0: Called Strike 0-1: Foul Ball, location: 2F 0-2: Ball 1-2: Strikes out swinging
|
Batting: RHB Vic Langlois
|
0-0: Ball 1-0: Ball 2-0: SOLO HOME RUN (Flyball, 9LD), Distance : 326 ft
|
Batting: SHB Gilberto Guzmán
|
0-0: Ball 1-0: Foul Ball, location: 2F 1-1: TRIPLE (Flyball, 8RXD)
|
Batting: LHB Robert Moore
|
0-0: Swinging Strike 0-1: Swinging Strike 0-2: Fly out, F7 (Flyball, 7D)
|
Bottom of the 4th over - 1 run(s), 2 hit(s), 0 error(s), 1 left on base; St. Louis 1 - Greenville 1 |
TOP OF THE 5TH |
St. Louis Browns batting - Pitching for Greenville 84s : RHP Tomás González
|
Batting: RHB Domingo Romero
|
0-0: Ball 1-0: Ball 2-0: Fly out, F7 (Flyball, 7LSF)
|
Batting: LHB Joe Sanders
|
0-0: DOUBLE (Line Drive, 89M)
|
Batting: SHB Ryobe Yamamoto
|
0-0: Ball 1-0: Ball 2-0: Called Strike 2-1: Foul Ball, location: 2F 2-2: Ground out 4-3 (Groundball, 4) Joe Sanders to third
|
Batting: LHB Robin Hill
|
0-0: Called Strike 0-1: Ball 1-1: Ball 2-1: Ball 3-1: Ground out 4-3 (Groundball, 4M)
|
Top of the 5th over - 0 run(s), 1 hit(s), 0 error(s), 1 left on base; St. Louis 1 - Greenville 1 |
BOTTOM OF THE 5TH |
Greenville 84s batting - Pitching for St. Louis Browns : LHP Luis Noriega
|
Batting: LHB Mario Cornelo
|
0-0: Called Strike
|
|
|
|
0-1: Ball 1-1: Ball 2-1: Ball 3-1: Foul Ball, location: 2F 3-2: Strikes out swinging
|
Batting: RHB Carlos Torres
|
0-0: Ball 1-0: Bunted foul 1-1: Foul Ball, location: 2F 1-2: Ground out 5-3 (Groundball, 5D)
|
Batting: LHB Chris Moore
|
0-0: Ball 1-0: Ball 2-0: Swinging Strike 2-1: Foul Ball, location: 2F 2-2: Strikes out swinging
|
Bottom of the 5th over - 0 run(s), 0 hit(s), 0 error(s), 0 left on base; St. Louis 1 - Greenville 1 |
TOP OF THE 6TH |
St. Louis Browns batting - Pitching for Greenville 84s : RHP Tomás González
|
Batting: LHB Mike Hill
|
0-0: Swinging Strike 0-1: Foul Ball, location: 2F 0-2: Ball 1-2: Foul Ball, location: 2F 1-2: Fly out, F8 (Flyball, 8LS)
|
Batting: RHB António Venecia
|
0-0: Foul Ball, location: 2F 0-1: Ball 1-1: Ball 2-1: Foul Ball, location: 2F 2-2: Ball 3-2: Strikes out swinging
|
Batting: RHB Anthony Rucker
|
0-0: Called Strike 0-1: Foul Ball, location: 2F 0-2: Strikes out looking
|
Top of the 6th over - 0 run(s), 0 hit(s), 0 error(s), 0 left on base; St. Louis 1 - Greenville 1 |
BOTTOM OF THE 6TH |
Greenville 84s batting - Pitching for St. Louis Browns : LHP Luis Noriega
|
Batting: LHB Brock Larsen
|
0-0: Ball 1-0: Called Strike 1-1: SINGLE (Flyball, 7S)
|
Pitching: RHP Ramón Silva
|
|
Batting: LHB Jimmy Vickers
|
0-0: Called Strike Throwing error on steal attempt, E2 Brock Larsen to third 0-1: Foul Ball, location: 2F 0-2: Ball 1-2: Ball 2-2: Ground out U3 (Groundball, 34)
|
Batting: LHB José Costa
|
0-0: Ball 1-0: Ball 2-0: Foul Ball, location: 2F 2-1: DOUBLE (Flyball, 8LXD) Brock Larsen scores
|
Batting: RHB Vic Langlois
|
0-0: Intentional Walk
|
Batting: SHB Gilberto Guzmán
|
0-0: Called Strike 0-1: Ball 1-1: Fly out, F6 (Line Drive, 56)
|
Batting: LHB Robert Moore
|
0-0: Called Strike 0-1: Ball 1-1: Ball 2-1: Foul Ball, location: 2F 2-2: Strikes out looking
|
Bottom of the 6th over - 1 run(s), 2 hit(s), 1 error(s), 2 left on base; St. Louis 1 - Greenville 2 |
TOP OF THE 7TH |
St. Louis Browns batting - Pitching for Greenville 84s : RHP Tomás González
|
Batting: LHB Stan Hickman
|
0-0: Ball 1-0: Called Strike 1-1: Swinging Strike 1-2: Foul Ball, location: 2F 1-2: Foul Ball, location: 2F 1-2: Ball 2-2: Ball 3-2: Strikes out swinging
|
Batting: RHB José Flores
|
0-0: Ball 1-0: SINGLE (Line Drive, 8LS)
|
Pitching: LHP Manuel Herrera
|
|
Pinch Hitting: RHB Mario Rosales
|
0-0: Called Strike 0-1: Ball 1-1: Ball 2-1: Ball 3-1: Base on Balls José Flores to second
|
Batting: LHB Joe Sanders
|
0-0: Fly out, F4 (Line Drive, 4)
|
Batting: SHB Ryobe Yamamoto
|
0-0: Foul Ball, location: 2F 0-1: Ball 1-1: Ball 2-1: Ground out 4-3 (Groundball, 4MD)
|
Top of the 7th over - 0 run(s), 1 hit(s), 0 error(s), 2 left on base; St. Louis 1 - Greenville 2 |
BOTTOM OF THE 7TH |
Greenville 84s batting - Pitching for St. Louis Browns : RHP Ramón Silva
|
Pitching: LHP Santiago Valentín
|
|
Now at SS: Tommy Evans
|
|
Batting: LHB Mario Cornelo
|
0-0: Called Strike 0-1: Ball 1-1: Swinging Strike 1-2: Strikes out swinging
|
Batting: RHB Carlos Torres
|
0-0: Ball 1-0: Called Strike 1-1: Called Strike 1-2: Ball 2-2: Foul Ball, location: 2F 2-2: Ball 3-2: Foul Ball, location: 2F 3-2: Base on Balls
|
Batting: LHB Chris Moore
|
0-0: Ball 1-0: Called Strike 1-1: Ball 2-1: Ball 3-1: Swinging Strike 3-2: Strikes out swinging
|
Batting: LHB Brock Larsen
|
0-0: Ball Throwing error on steal attempt, E2 Carlos Torres to third 1-0: 2-RUN HOME RUN (Flyball, 89XD), Distance : 386 ft
|
Batting: LHB Jimmy Vickers
|
0-0: Ball 1-0: Called Strike 1-1: Foul Ball, location: 2F 1-2: Strikes out looking
|
Bottom of the 7th over - 2 run(s), 1 hit(s), 1 error(s), 0 left on base; St. Louis 1 - Greenville 4 |
TOP OF THE 8TH |
St. Louis Browns batting - Pitching for Greenville 84s : LHP Manuel Herrera
|
Batting: LHB Robin Hill
|
0-0: Ball 1-0: Foul Ball, location: 2F 1-1: Called Strike 1-2: Foul Ball, location: 2F 1-2: Ball 2-2: Foul Ball, location: 2F 2-2: Strikes out swinging
|
Batting: LHB Mike Hill
|
0-0: Ball 1-0: Foul Ball, location: 2F 1-1: Ground out 3-1 (Groundball, 34)
|
Batting: RHB António Venecia
|
0-0: Called Strike 0-1: Ball 1-1: Ball 2-1: Swinging Strike 2-2: Ground out 5-3 (Groundball, 56)
|
Top of the 8th over - 0 run(s), 0 hit(s), 0 error(s), 0 left on base; St. Louis 1 - Greenville 4 |
BOTTOM OF THE 8TH |
Greenville 84s batting - Pitching for St. Louis Browns : LHP Santiago Valentín
|
Pitching: RHP Beau Brown
|
|
Batting: LHB José Costa
|
0-0: Ball 1-0: Ball 2-0: Swinging Strike 2-1: Foul Ball, location: 2F 2-2: Strikes out swinging
|
Batting: RHB Vic Langlois
|
0-0: Foul Ball, location: 2F 0-1: Fly out, F9 (Flyball, 89M)
|
Batting: SHB Gilberto Guzmán
|
0-0: Ball 1-0: DOUBLE (Flyball, 7LD)
|
Batting: LHB Robert Moore
|
0-0: Foul Ball, location: 2F 0-1: Ball 1-1: Ball 2-1: Ball 3-1: SINGLE (Groundball, 6S) (infield hit) Gilberto Guzmán to third
|
Batting: LHB Mario Cornelo
|
0-0: Fly out, F8 (Flyball, 78S)
|
Bottom of the 8th over - 0 run(s), 2 hit(s), 0 error(s), 2 left on base; St. Louis 1 - Greenville 4 |
TOP OF THE 9TH |
St. Louis Browns batting - Pitching for Greenville 84s : LHP Manuel Herrera
|
Pitching: RHP Fernand Picard
|
|
Batting: RHB Anthony Rucker
|
0-0: Ball 1-0: Ball 2-0: Foul Ball, location: 2F 2-1: Foul Ball, location: 2F 2-2: Ball 3-2: Base on Balls
|
Batting: LHB Stan Hickman
|
0-0: SINGLE (Groundball, 6D) Anthony Rucker to second
|
Batting: RHB José Flores
|
0-0: Swinging Strike 0-1: Fielders Choice at 2nd, 1-6 (Groundball, 13) Anthony Rucker to third
|
Batting: LHB Tommy Evans
|
0-0: Fly out, F8 (Flyball, 8LD) Runner from 3rd tags up, SCORES, no throw
|
Batting: LHB Joe Sanders
|
0-0: Ball 1-0: Foul Ball, location: 2F 1-1: Called Strike 1-2: Foul Ball, location: 2F 1-2: Ground out 1-3 (Groundball, 13)
|
Top of the 9th over - 1 run(s), 1 hit(s), 0 error(s), 1 left on base; St. Louis 2 - Greenville 4 |
|
Thursday, March 30th, 2017 - OOTP Baseball 17.12 Build 75
|
|